 Dungeon Crawl Stone Soup version 0.31.0-12-g77e489cdc1 (webtiles) character file.

Game seed: 7080546924639113836

7 spaghetti the Sneak (level 2, -5/19 HPs)
             Began as a Tengu Delver on Feb 19, 2024.
             Killed from afar by an electric eel (8 damage)
             ... with a bolt of electricity
             ... on level 8 of the Dungeon.
             The game lasted 00:00:49 (153 turns).

spaghetti the Sneak (Tengu Delver)                   Turns: 153, Time: 00:00:49

Health: -5/19      AC:  3    Str: 12    XL:     2   Next: 0%
Magic:  3/3        EV: 27    Int: 10    God:
Gold:   0          SH:  0    Dex: 15    Spells: 1/1 levels left

rFire   . . .        a - +0 short sword
rCold   . . .        (no shield)
rNeg    . . .        b - +0 leather armour
rPois   .            (helmet restricted)
rElec   .            (no cloak)
rCorr   .            (no gloves)
SInv    .            (boots unavailable)
Will    .....        (no amulet)
Stlth   +++          h - ring of wizardry
HPRegen 0.23/turn    (no ring)
MPRegen 0.08/turn

%: acrobat, wizardry (x1)
@: acrobatic
A: beak, talons 3, acrobatic
a: no special abilities


You were on level 8 of the Dungeon.
You visited 1 branch of the dungeon, and saw 4 of its levels.

Inventory:

Hand Weapons
 a - a +0 short sword (weapon)
Armour
 b - a +0 leather armour (worn)
Jewellery
 h - a ring of wizardry (left hand)
Wands
 g - a wand of digging (3)
Scrolls
 c - a scroll of fog
 d - a scroll of revelation
 e - a scroll of fear
Potions
 f - a potion of haste


   Skills:
 - Level 3.0 Fighting
 - Level 2.1 Short Blades
 - Level 2.1 Dodging
 + Level 5.4 Stealth


You had one spell level left.
You didn't know any spells.
Your spell library was empty.

Dungeon Overview and Level Annotations

Branches:
Dungeon (9/15)
 Temple: D:4-7         Lair: D:8-11         Orc: D:9-12

Altars:

Shops:
D:8 [(


Innate Abilities, Weirdness & Mutations

You have a beak for a mouth.
You have claws for feet.
You can magically evade attacks while moving or waiting.


Message History

You hit the white imp. You claw the white imp.
You kill the white imp!
You have reached level 2!
A quasit comes into view.
The quasit moves out of view.
You hit the demonic plant.
The demonic plant begins to die.
You claw the demonic plant. You peck the demonic plant.
The demonic plant is lightly damaged.
You hit the demonic plant but do no damage.
The demonic plant is lightly damaged.
You hit the demonic plant.
The demonic plant is lightly damaged.
You hit the demonic plant.
You claw the demonic plant, but do no damage.
The demonic plant is lightly damaged.
A nearby demonic plant withers and dies.
Unknown command.
Unknown command.
You hit the demonic plant.
The demonic plant begins to die.
You claw the demonic plant!
The demonic plant is lightly damaged.
You hit the demonic plant but do no damage.
The demonic plant is lightly damaged.
You hit the demonic plant.
You peck the demonic plant, but do no damage.
The demonic plant is lightly damaged.
You enter a teleport trap!
The teleport trap disappears.
Your surroundings suddenly seem different.
A centaur and an electric eel come into view.
An electric eel is nearby!
There are monsters nearby!
Found Awysch's Weapon Emporium and Aner's Armour Shoppe.
The electric eel shoots out a bolt of lightning at you!
The bolt of electricity hits you!
Ouch! That really hurt!
* * * LOW HITPOINT WARNING * * *
Unknown command.
The electric eel shoots out a bolt of lightning at you!
The bolt of electricity hits you!
You die...

#..............
#..8.~~~~~~~~~~
#....≈≈≈≈≈≈≈≈≈≈
#..8.S~~~~~~~~~
#..............
#..8..⌠..∩..⌠..
#..............
#.....#.#####.##
#####...@.......
########.... #
#.5~~~~.#
##§§§~~~.#
#..§§~~~♣##


You could see an electric eel.

Vanquished Creatures
  A white imp (D:8)
1 creature vanquished.

Notes
Turn   | Place    | Note
-------+----------+-------------------------------------------
     0 | D:5      | spaghetti the Tengu Delver began the quest for the Orb.
     0 | D:5      | Reached XP level 1. HP: 14/14 MP: 2/2
    23 | D:5      | Noticed a jelly
    50 | D:6      | Noticed an ogre
    87 | D:6      | You fall into a shaft and drop 2 floors!
   101 | D:8      | Reached XP level 2. HP: 19/19 MP: 3/3
   135 | D:8      | Noticed a centaur
   135 | D:8      | Noticed an electric eel
   147 | D:8      | Found Awysch's Weapon Emporium.
   147 | D:8      | Found Aner's Armour Shoppe.
   153 | D:8      | Killed from afar by an electric eel

Illustrated notes

Levels and vault maps discovered:
D:5:      layout_basic, lemuel_round_altar, uniq_pikel
D:6:      layout_basic, lemuel_crystal_altar, item_on_display_a
D:8:      layout_cave_pools, nicolae_qazlal_beasts_of_the_sky, serial_demonic,
          serial_demonic_g, serial_demonic_g, serial_demonic_c,
          serial_demonic_a, serial_demonic_e, serial_demonic_a,
          serial_demonic_f, serial_demonic_g, serial_demonic_g,
          serial_demonic_d, corexii_hall_statues_l,
          nicolae_shop_national_dungeon_mall
D:9:      layout_loops_ring, zin_purify, gammafunk_ghost_split

Action                     || total
---------------------------++-------
  Melee: Short sword       ||     9
         Kick              ||     4
         Peck              ||     2
 Armour: Leather armour    ||     2
  Dodge: Dodged            ||     2
